 Dungeon Crawl Stone Soup version 0.30-a0-632-g346586fe48 (webtiles) character file.

Game seed: 11967304170205536292

3290 Leeroy the Carver (level 10, -3/47 HPs)
             Began as a Tengu Warper on Jan 13, 2023.
             Was a Priest of Hepliaklqana.
             Slain by a vampire
             ... wielding a +2 vampiric halberd
              (23 damage)
             ... in a bailey.
             The game lasted 00:16:05 (7762 turns).

Leeroy the Carver (Tengu Warper)                    Turns: 7762, Time: 00:16:06

Health: -3/47      AC:  7    Str: 14    XL:     10   Next: 1%
Magic:  14/14      EV: 24    Int: 15    God:    Hepliaklqana [***...]
Gold:   462        SH:  0    Dex: 23    Spells: 2/13 levels left

rFire   . . .      SeeInvis .    a - +0 falchion
rCold   . . .      Faith    .    (no shield)
rNeg    . . .      Spirit   .    w - +0 steam dragon scales
rPois   .          Reflect  .    J - +0 hat
rElec   .          Harm     .    (no cloak)
rCorr   .          Rampage  .    f - +1 pair of gloves {Str+3}
Will    .....                    (boots unavailable)
Stlth   +                        (no amulet)
HPRegen 0.27/turn                e - +6 ring of dexterity
MPRegen 0.14/turn                r - ring of wizardry

@: confused, flying quickly and evasively, quick
A: reduced essence, beak, talons 3, nimble flight
a: Renounce Religion, Recall Ancestor, Ancestor Identity, Transference


You were in a bailey.
You worshipped Hepliaklqana.
Hepliaklqana was most pleased with you.
You visited 2 branches of the dungeon, and saw 8 of its levels.
You also visited: Bailey.

You collected 462 gold pieces.

Inventory:

Hand Weapons
 a - a +0 falchion (weapon)
 F - a +1 antimagic flail
Missiles
 d - 5 boomerangs of dispersal (quivered)
 h - 14 boomerangs
 k - 16 poisoned darts
 L - a throwing net
Armour
 b - a +0 leather armour
 f - a +1 pair of gloves of strength (worn)
 w - +0 steam dragon scales (worn)
 J - a +0 hat (worn)
Magical Staves
 v - a staff of earth
Jewellery
 e - a +6 ring of dexterity (left hand)
 r - a ring of wizardry (right hand)
 u - a ring of fire
 M - a ring of protection from cold
 O - a ring of ice
Wands
 z - a wand of quicksilver (15)
 I - a wand of polymorph (14)
 K - a wand of flame (17)
Scrolls
 j - a scroll of silence
 l - a scroll of torment
 o - 3 scrolls of magic mapping
 p - a scroll of enchant armour
 q - 2 scrolls of poison
 t - a scroll of fog {unknown}
 y - 2 scrolls of immolation {unknown}
 A - 2 scrolls of enchant weapon {unknown}
 C - 2 scrolls of blinking
 E - a scroll of fear {unknown}
 G - a scroll of teleportation {unknown}
 H - a scroll of noise {unknown}
 N - 2 scrolls of acquirement {unknown}
 P - a scroll of butterflies {unknown}
Potions
 c - 3 potions of lignification {unknown}
 g - a potion of experience {unknown}
 i - a potion of magic {unknown}
 m - 2 potions of mutation {unknown}
 n - 3 potions of curing {unknown}
 s - 3 potions of brilliance
 x - 2 potions of cancellation {unknown}
 B - a potion of ambrosia {unknown}
 D - a potion of invisibility {unknown}


   Skills:
 - Level 2.0 Fighting
 + Level 10.3 Long Blades
 - Level 1.0 Throwing
 - Level 1.1 Armour
 - Level 10.0 Dodging
 - Level 2.0 Spellcasting
 - Level 2.4 Translocations
 - Level 6.2 Air Magic


You had 2 spell levels left.
You knew the following spells:

 Your Spells              Type           Power      Damage    Failure   Level
a - Blink                 Tloc           16%        N/A       5%          2
b - Teleport Other        Tloc           8%         N/A       11%         3
c - Vhi's Electric Charg  Tloc/Air       28%        N/A       4%          3
d - Swiftness             Air            20%        N/A       1%          3

Your spell library contained the following spells:

 Spells                   Type           Power      Damage    Failure   Level
 Ensorcelled Hibernation  Hex/Ice        2%         N/A       13%         2
 Passwall                 Tmut/Erth      0%         N/A       13%         2
 Gell's Gravitas          Tloc           8%         N/A       11%         3
 Lesser Beckoning         Tloc           16%        N/A       11%         3
 Manifold Assault         Tloc           8%         N/A       32%         4
 Anguish                  Hex/Necr       0%         N/A       61%         4
 Summon Forest            Summ/Tloc      2%         N/A       80%         5
 Summon Mana Viper        Hex/Summ       1%         N/A       91%         5
 Summon Cactus Giant      Summ           0%         N/A       100%        6
 Enfeeble                 Hex            0%         N/A       100%        7


Dungeon Overview and Level Annotations

Branches:
Dungeon (7/15)             Temple (1/1) D:5          Bailey (1/1)

Altars:
Ashenzari
Cheibriados
Dithmenos
Elyvilon
Fedhas
Gozag
Hepliaklqana
Kikubaaqudgha
Makhleb
Nemelex Xobeh
Okawaru
Qazlal
Ru
Sif Muna
Trog
Uskayaw
Vehumet
Wu Jian
Xom
Yredelemnul
Zin
The Shining One

Shops:
D:1 ?(*   D:4 *   D:6 !*

Annotations:
D:2 Terence
D:3 1 runed translucent door, Crazy Yiuf
D:5 Sigmund


Innate Abilities, Weirdness & Mutations

Your life essence is reduced to manifest your ancestor. (-10% HP)
You have a beak for a mouth.
You have claws for feet.
Your magical nature lets you fly swiftly and evasively.


Message History

The vampire easily resists.
You see here a grey potion.
g - a grey potion The vampire closely misses you.
Laslo hits the vampire with a +0 dagger of draining.
The vampire completely misses you.
You see here a +0 scale mail of fire resistance.
The vampire casts a spell at you.
You are confused.
You see here a +0 scale mail.
Laslo barely misses the vampire.
Laslo hits the vampire with a +0 dagger of draining.
You see here a book of Displacement.
You pick up a book of Displacement and begin reading...
You add the spell Gell's Gravitas to your library.
You bump into a gravestone.
You are too confused!
Unknown command.
Okay, then.
You are too confused!
Unknown command.
You bump into the stone wall.
The vampire hits you from afar with a +2 vampiric halberd.
The vampire draws strength from your wounds!
Laslo barely misses the vampire.
Laslo hits the vampire but does no damage.
You bump into a gravestone.
The vampire points at you and mumbles some strange words.
You are more confused.
Laslo points at the vampire and mumbles some strange words.
The vampire easily resists.
The vampire casts a spell.
The vampire flickers and vanishes!
Deactivating autopickup; reactivate with Ctrl-A.
Laslo closely misses something.
Laslo barely misses something.
You bump into the stone wall.
Something hits you! Something closely misses you.
Laslo hits something with a +0 dagger of draining.
Laslo hits something but does no damage.
Something hits you!!
You die...

...♣..##..))..8#
.......##)...######
..♣.....#...##...8##
........#..##.....[##
.....♣..#..#...##..8#
..♣.....#..'..####R.#
#.. #..'..# ##{[# ##
#..#...##.[.#
#8.##...@..##
######...8## ######


You could see the friendly Laslo the hexer.

Vanquished Creatures
  Grinder (D:6)
  A steam dragon (D:4)
  Menkaure (D:5)
  2 water moccasins (D:7)
  A black bear (D:5)
  2 sky beasts (D:7)
  3 ogres
  A centaur (D:4)
  A kobold brigand (D:6)
  3 phantoms (D:4)
  Blork the orc (D:5)
  2 scorpions (D:4)
  2 necrophages
  2 jellies (D:5)
  An orc priest (D:5)
  3 hounds
  A gnoll bouda (D:7)
  An iguana (D:6)
  Natasha (thrice) (D:3)
  2 orc wizards
  10 gnolls
  8 adders
  A white imp (D:6)
  2 ufetubi
  2 worms (D:3)
  6 dart slugs
  14 orcs
  5 endoplasms
  3 giant cockroaches
  6 goblins
  10 hobgoblins
  5 jackals (D:3)
  11 kobolds
  5 quokkas
  8 ball pythons
  2 bats
  6 frilled lizards
  7 orc zombies (Bailey)
  8 rats
153 creatures vanquished.

Vanquished Creatures (collateral kills)
  A gargoyle (Bailey)
  An orc warrior (D:7)
  A black bear (D:7)
  A sky beast (D:6)
  A centaur (D:6)
  A gnoll sergeant (D:6)
  5 gnolls
  An orc (D:7)
  An orc zombie (Bailey)
13 creatures vanquished.

Vanquished Creatures (others)
  An orc wizard (D:5)
1 creature vanquished.

Grand Total: 167 creatures vanquished

Notes
Turn   | Place    | Note
-------+----------+-------------------------------------------
     0 | D:1      | Leeroy the Tengu Warper began the quest for the Orb.
     0 | D:1      | Reached XP level 1. HP: 12/12 MP: 4/4
    47 | D:1      | Found Ukhlaudwe's Magic Scroll Shop.
    59 | D:1      | Found Leteufia's Antique Weapon Boutique.
   122 | D:1      | Found Zeclat's Assorted Antiques.
   142 | D:1      | Reached XP level 2. HP: 17/17 MP: 6/6
   368 | D:1      | Found a faded altar of an unknown god.
   477 | D:2      | Learned a level 2 spell: Blink
   766 | D:2      | Noticed Terence
   861 | D:3      | Reached XP level 3. HP: 19/21 MP: 7/7
   905 | D:3      | Noticed Natasha
   915 | D:3      | HP: 1/21 [Natasha (7)]
  1116 | D:3      | Killed Natasha
  1414 | D:3      | Found a runed translucent door.
  1415 | D:3      | Noticed Crazy Yiuf
  1469 | D:3      | Reached XP level 4. HP: 22/26 MP: 8/8
  1728 | D:3      | Reached skill level 5 in Long Blades
  2007 | D:3      | Learned a level 3 spell: Teleport Other
  2039 | D:3      | Gained mutation: Your magical nature lets you fly swiftly
                  | and evasively. [Tengu growth]
  2039 | D:3      | Reached XP level 5. HP: 25/30 MP: 9/9
  2104 | D:3      | Noticed Natasha
  2122 | D:3      | Killed Natasha
  2410 | D:3      | Noticed Natasha
  2418 | D:3      | Killed Natasha
  2544 | D:4      | Noticed a steam dragon
  2573 | D:3      | Learned a level 3 spell: Vhi's Electric Charge
  2616 | D:4      | Found Dacom's General Store.
  2621 | D:4      | Noticed a centaur
  2640 | D:4      | Killed a centaur
  2641 | D:4      | Reached XP level 6. HP: 14/35 MP: 10/10
  2910 | D:4      | Reached skill level 5 in Dodging
  2919 | D:4      | Reached XP level 7. HP: 40/40 MP: 11/11
  3288 | D:5      | Entered Level 5 of the Dungeon
  3391 | D:5      | Noticed Blork the orc
  3419 | D:5      | Killed Blork the orc
  3420 | D:5      | Reached XP level 8. HP: 28/44 MP: 12/12
  3562 | D:5      | Found a staircase to the Ecumenical Temple.
  3569 | D:5      | Noticed Sigmund
  3572 | Temple   | Entered the Ecumenical Temple
  3927 | Temple   | Became a worshipper of Hepliaklqana the Forgotten
  4156 | D:4      | Reached skill level 1 in Air Magic
  4703 | D:5      | Reached skill level 10 in Dodging
  4962 | D:5      | Noticed Menkaure
  4967 | D:5      | Killed Menkaure
  5201 | D:5      | Reached XP level 9. HP: 48/48 MP: 11/13
  5227 | D:5      | Reached * piety under Hepliaklqana
  5231 | D:5      | Found a radiant altar of Vehumet.
  5619 | D:6      | Noticed Grinder
  5631 | D:6      | Paralysed by Grinder for 5 turns
  5637 | D:6      | Killed Grinder
  5964 | D:6      | Reached ** piety under Hepliaklqana
  5971 | D:6      | Remembered your ancestor Laslo as a hexer
  6312 | D:6      | Found Luk Alem's Distillery.
  6555 | D:6      | Reached skill level 5 in Air Magic
  6750 | D:6      | Found Eqareitz's Fire Supplies.
  6935 | D:6      | Learned a level 3 spell: Swiftness
  7528 | D:7      | Found a flagged portal.
  7538 | Bailey   | Entered a bailey
  7582 | Bailey   | Reached *** piety under Hepliaklqana
  7621 | Bailey   | Noticed a gargoyle
  7636 | Bailey   | Killed a gargoyle
  7637 | Bailey   | Reached skill level 10 in Long Blades
  7637 | Bailey   | Reached XP level 10. HP: 24/47 MP: 11/14
  7762 | Bailey   | Slain by a vampire

Illustrated notes

Levels and vault maps discovered:
D:1:      sevenhm_arrival_forest_fort_small_4, layout_rooms, serial_shops,
          nicolae_square_shop, shop, nicolae_square_shop,
          shapermc_ecumenical_altar_acropolis, minmay_misc_feat_encased
D:2:      wad_pebble_path, layout_basic, uniq_terence
D:3:      minmay_octagon_keep, layout_basic, minmay_curled_crystal,
          grunt_decor_mini_mirrors, minmay_guardbox, uniq_natasha,
          uniq_crazy_yiuf_cottage
D:4:      layout_loops_ring, serial_shops, kennysheep_mini_moat,
          roderic_lattice_a, minmay_mini_jars
D:5:      layout_basic, lemuel_doored_altar,
          minmay_temple_entry_drinking_statues, uniq_sigmund, uniq_menkaure,
          uniq_blork_the_orc
D:6:      layout_layer_cave, nicolae_shop_fire_sale [nicolae_sub_dead_trees],
          minmay_shop_grid_forest, hangedman_abyss_or_decor_stagger,
          uniq_grinder
D:7:      layout_basic, enter_bailey_2, uniq_joseph
Temple:   roderic_octagonal_lattice_temple
Bailey:   bailey_polearm_vampire_castle_hellmonk, bailey

Skill      XL: |  1  2  3  4  5  6  7  8  9 |
---------------+----------------------------+-----
Long Blades    | 3 4 5 6 10 | 10.3
Dodging        | 4 6 8 10 | 10.0
Air Magic      | 2 6 |  6.2
Fighting       | |  2.0
Throwing       | |  1.0
Armour         | |  1.1
Spellcasting   | |  2.0
Translocations | |  2.4

Action                   |  1- 3 |  4- 6 |  7- 9 | 10-12 || total
-------------------------+-------+-------+-------+-------++-------
Melee: Falchion          |    62 |   159 |   261 |     1 ||   483
       Kick              |     9 |    40 |    92 |       ||   141
       Peck              |     5 |    28 |    50 |     1 ||    84
       Punch             |       |     2 |     1 |       ||     3
Throw: Dart              |       |       |    10 |       ||    10
       Boomerang         |       |       |     2 |       ||     2
 Cast: Blink             |     2 |       |     2 |       ||     4
       Vhi's Electric Ch |       |       |    21 |       ||    21
Invok: Recall Ancestor   |       |       |     2 |       ||     2
       Ancestor Life: He |       |       |     1 |       ||     1
Evoke: Wand              |       |       |     5 |       ||     5
  Use: Scroll            |     1 |     3 |     3 |       ||     7
       Potion            |       |       |     3 |     1 ||     4
 Stab: Sleeping          |     2 |     3 |     1 |       ||     6
       Distracted        |       |       |     2 |       ||     2
       Confused          |       |       |     1 |       ||     1
Armor: Leather armour    |    21 |    32 |     6 |       ||    59
       Steam dragon scal |       |       |    32 |     1 ||    33
Dodge: Dodged            |    27 |   103 |   260 |     7 ||   397

Table legend: (Time is in decaauts)
 A = Elapsed time spent in this place.
 B = Non-inter-level travel time spent in this place.
 C = Inter-level travel time spent in this place.
 D = Time resting spent in this place.
 E = Time spent auto-exploring this place.
 F = Levels seen in this place.
 G = Mean time per level.
                   A        B        C        D        E       F      G
               +--------+--------+--------+--------+--------+-----+--------+
         Total |   7398 |   6796 |    602 |    907 |   4396 |   9 |  822.0 |
       Dungeon |   6850 |   6341 |    509 |    907 |   4038 |   7 |  978.6 |
        Temple |    336 |    243 |     93 |      0 |    221 |   1 |  336.0 |
        Bailey |    210 |    210 |      0 |      0 |    137 |   1 |  210.0 |
               +--------+--------+--------+--------+--------+-----+--------+

Top non-repeatable levels by time:
     D:3: 1551 daAuts
     D:5: 1375 daAuts
     D:6: 1347 daAuts
     D:4: 1137 daAuts
     D:2: 518 daAuts
     D:1: 474 daAuts
     D:7: 446 daAuts
  Temple: 336 daAuts
  Bailey: 210 daAuts
